 Seeded DCSS version 0.27-a0-95-g5a9077b8ae (webtiles) character file.

Game seed: 5125158891462947277 (custom seed)

555 tacoguy the Covered (level 7, -2/61 HPs)
             Began as a Minotaur Fighter on Jan 18, 2021.
             Engulfed by a cloud of steam (10 damage)
             ... on level 5 of the Dungeon.
             The game lasted 00:06:58 (4079 turns).

tacoguy the Covered (Minotaur Fighter)              Turns: 4079, Time: 00:06:58

Health: -2/61      AC:  8    Str: 23    XL:     7   Next: 8%
Magic:  6/6        EV:  9    Int:  5    God:
Gold:   310        SH: 10    Dex:  9    Spells: 6/6 levels left

rFire    . . .     SeeInvis .   a - +0 war axe
rCold    . . .     Faith    .   c - +0 kite shield
rNeg     . . .     Spirit   .   b - +0 scale mail
rPois    .         Reflect  .   (helmet restricted)
rElec    .         Harm     .   (no cloak)
rCorr    .         Rampage  .   o - +0 pair of gloves
Will     .....                  (no boots)
Stlth    ..........             (no amulet)
HPRegen  0.20/turn              (no ring)
MPRegen  0.10/turn              (no ring)

@: very slow
A: retaliatory headbutt, horns 2
a: no special abilities


You were on level 5 of the Dungeon.
You visited 1 branch of the dungeon, and saw 5 of its levels.

You collected 310 gold pieces.

Inventory:

Hand Weapons
 a - a +0 war axe (weapon)
Armour
 b - a +0 scale mail (worn)
 c - a +0 kite shield (worn)
 o - a +0 pair of gloves (worn)
Magical Staves
 q - an uncursed staff of air
Scrolls
 e - a scroll of magic mapping {unknown}
 g - 5 scrolls of identify {unknown}
 h - a scroll of enchant armour {unknown}
 i - a scroll of random uselessness {unknown}
 j - 3 scrolls of remove curse {unknown}
 p - a scroll of teleportation {unknown}
Potions
 d - a potion of might
 f - a potion of mutation {unknown}
 k - 2 potions of haste {unknown}
 l - a potion of berserk rage {unknown}
 m - a potion of flight {unknown}
 n - a potion of heal wounds {unknown}
 r - 2 potions of attraction {unknown}


   Skills:
 + Level 5.4 Fighting
 + Level 4.5 Axes
 + Level 5.4 Armour
 + Level 3.2 Dodging
 + Level 5.4 Shields


You had 6 spell levels left.
You didn't know any spells.
Your spell library was empty.

Dungeon Overview and Level Annotations

Branches:
Dungeon (5/15)             Temple (0/1) D:5

Altars:
Vehumet
Zin


Innate Abilities, Weirdness & Mutations

You reflexively headbutt those who attack you in melee.
You have a pair of horns on your head.


Message History

You closely miss something.
The orc splashes around in the water.
You hear some strange, mumbled words.
A puff of flame appears from out of thin air!
The puff of flame hits you.
* * * LOW HITPOINT WARNING * * *
Your unstable footing causes you to fumble your attack.
You are engulfed in a cloud of scalding steam.
* * * LOW HITPOINT WARNING * * *
The orc hits you but does no damage. Something hits you but does no damage.
You block the orc's attack. Something hits you.
* * * LOW HITPOINT WARNING * * *
You hit the orc. You headbutt the orc.
You kill the orc!
You hear a splash. x2
You slash something!
You hear a splash. x2
Reactivating autopickup.
You feel a bit more experienced.
You are engulfed in a cloud of scalding steam.
You die...

###+#..8.>.8.....
♣♣♣♣♣♣♣♣.......⌠.⌠......
♣P≈P≈≈P♣♣.>...8.8.8.....
≈≈≈≈≈≈P≈P≈..............
≈≈≈≈≈..P...#............
≈..≈..............#..#..
............$#########..
..≈..≈.).≈≈≈♣♣# #...
≈..≈≈≈≈@)≈≈≈≈≈♣ #.$.
≈≈≈≈P≈≈)≈≈≈P≈≈≈≈# #...
≈P≈≈≈≈≈≈≈≈≈≈≈≈♣## #...
♣P≈≈≈≈≈≈o≈≈♣≈♣# #...
PPP≈≈≈≈≈≈♣♣♣##
≈≈≈≈P≈P≈## #♣♣♣♣♣♣##


You could see an orc priest.

Vanquished Creatures
  2 ogres
  A scorpion (D:4)
  2 hounds
  6 orc wizards
  A worker ant (D:4)
  A hound skeleton (D:5)
  3 adders
  5 leopard geckos
  9 orcs
  4 giant cockroaches
  8 goblins
  7 hobgoblins
  3 jackals (D:3)
  9 kobolds
  3 quokkas
  A ball python (D:3)
  4 bats
  5 frilled lizards
  4 rats
78 creatures vanquished.

Vanquished Creatures (others)
  4 fungi (D:1)
  4 plants (D:5)
  5 toadstools (D:1)
13 creatures vanquished.

Grand Total: 91 creatures vanquished

Notes
Turn   | Place    | Note
-------+----------+-------------------------------------------
     0 | D:1      | tacoguy the Minotaur Fighter began the quest for the Orb.
     0 | D:1      | Reached XP level 1. HP: 19/19 MP: 0/0
   384 | D:1      | Reached XP level 2. HP: 23/27 MP: 1/1
   929 | D:2      | Reached skill level 1 in Dodging
   929 | D:2      | Reached XP level 3. HP: 29/33 MP: 2/2
  1133 | D:2      | Found a faded altar of an unknown god.
  1318 | D:2      | Noticed an ogre
  1519 | D:3      | Found a radiant altar of Vehumet.
  1576 | D:3      | Found a glowing silver altar of Zin.
  1700 | D:3      | Reached XP level 4. HP: 33/40 MP: 3/3
  2056 | D:3      | Reached XP level 5. HP: 47/47 MP: 4/4
  2667 | D:4      | Reached XP level 6. HP: 37/55 MP: 5/5
  2863 | D:4      | Reached skill level 5 in Fighting
  2863 | D:4      | Reached skill level 5 in Armour
  2863 | D:4      | Reached skill level 5 in Shields
  3821 | D:5      | Entered Level 5 of the Dungeon
  3829 | D:5      | Reached XP level 7. HP: 20/61 MP: 6/6
  4045 | D:5      | Found a staircase to the Ecumenical Temple.
  4079 | D:5      | Engulfed by a cloud of steam

Illustrated notes

Levels and vault maps discovered:
D:1:      dpeg_arrival_pits, layout_rooms, minmay_misc_feat_secret_circle,
          minmay_gold_behind_fungi, minmay_surrounded
D:2:      layout_basic, chequers_ecumenical_altar_island, lightli_corner_chamber
D:3:      layout_basic, zin_academy, vehumet_crystals, bh_walls_and_bars
D:4:      layout_basic
D:5:      wander_river, layout_gridville, cheibriados_altar_2,
          minmay_temple_entry_statues_fountains, gup_sewer_entry_spiral,
          serial_bayou_ford_a, chequers_serial_rivers_small_3,
          minmay_fire_ice_demons

Skill      XL: |  1  2  3  4  5  6 |
---------------+-------------------+-----
Fighting       | 4 5 |  5.4
Armour         | 4 5 |  5.4
Dodging        | 1 2 3 |  3.2
Shields        | 4 5 |  5.4
Axes           | 3 4 |  4.5

Action                   |  1- 3 |  4- 6 |  7- 9 || total
-------------------------+-------+-------+-------++-------
Melee: War axe           |    83 |    76 |    20 ||   179
       Headbutt          |    11 |    17 |     3 ||    31
Armor: Scale mail        |    46 |    29 |     8 ||    83
Dodge: Dodged            |    45 |    25 |     5 ||    75
Block: Kite shield       |    46 |    34 |    13 ||    93

Table legend: (Time is in decaauts)
 A = Elapsed time spent in this place.
 B = Non-inter-level travel time spent in this place.
 C = Inter-level travel time spent in this place.
 D = Time resting spent in this place.
 E = Time spent auto-exploring this place.
 F = Levels seen in this place.
 G = Mean time per level.
                   A        B        C        D        E       F      G
               +--------+--------+--------+--------+--------+-----+--------+
         Total |   4161 |   3849 |    312 |    489 |   2800 |   5 |  832.2 |
       Dungeon |   4161 |   3849 |    312 |    489 |   2800 |   5 |  832.2 |
               +--------+--------+--------+--------+--------+-----+--------+

Top non-repeatable levels by time:
     D:3: 1202 daAuts
     D:4: 1177 daAuts
     D:1: 810 daAuts
     D:2: 705 daAuts
     D:5: 265 daAuts
